 Dungeon Crawl Stone Soup version 0.20.1-1-g8b1a95d (webtiles) character file.

2795 wojtek the Cleaver (level 9, 0/82 HPs)
             Began as a Minotaur Fighter on Dec 25, 2017.
             Was a Follower of Makhleb.
             Slain by a two-headed ogre
             ... wielding a +0 giant club
              (15 damage)
             ... on level 7 of the Dungeon.
             The game lasted 00:08:26 (7858 turns).

wojtek the Cleaver (Minotaur Fighter)               Turns: 7858, Time: 00:08:27

Health: 0/82       AC: 10    Str: 29    XL:     9   Next: 43%
Magic:  9/9        EV:  8    Int:  5    God:    Makhleb [*.....]
Gold:   419        SH: 10    Dex: 13    Spells: 8/8 levels left

rFire    . . .     SeeInvis .   a - +0 war axe
rCold    . . .     Gourm    .   c - +0 shield
rNeg     . . .     Faith    .   b - +0 scale mail
rPois    .         Spirit   .   s - +0 hat
rElec    .         Reflect  .   (no cloak)
rCorr    .         Harm     .   E - +1 pair of gloves {Dex+3}
MR       .....                  (no boots)
Stlth    ..........             (no amulet)
Regen    0.3/turn               (no ring)
MPRegen  0.2/turn               (no ring)

@: mighty
A: retaliatory headbutt, horns 2
a: Renounce Religion


You were on level 7 of the Dungeon.
You worshipped Makhleb.
Makhleb was aware of your devotion.
You were hungry.

You visited 2 branches of the dungeon, and saw 9 of its levels.

You collected 419 gold pieces.

Inventory:

Hand Weapons
 a - a +0 war axe (weapon)
 y - a +0 vampiric morningstar
Armour
 b - a +0 scale mail (worn)
 c - a +0 shield (worn)
 s - a +0 hat (worn)
 E - a +1 pair of gloves of dexterity (worn)
Jewellery
 x - a +2 ring of protection {unknown}
Wands
 m - a wand of lightning (10/15)
Scrolls
 g - 2 scrolls of recharging
 i - a scroll of identify {unknown}
 l - 2 scrolls of remove curse
 n - 2 scrolls of enchant armour {unknown}
 o - 2 scrolls of blinking {unknown}
 p - 3 scrolls of immolation {unknown}
 r - a scroll of random uselessness {unknown}
 w - 2 scrolls of fear {unknown}
 A - 3 scrolls of enchant weapon {unknown}
 B - 2 scrolls of teleportation {unknown}
 C - a scroll of noise {unknown}
 F - a scroll of fog {unknown}
Potions
 d - 3 potions of might
 e - 2 potions of invisibility {unknown}
 k - 8 potions of curing {unknown}
 q - a potion of flight {unknown}
 t - 2 potions of berserk rage {unknown}
 v - a potion of haste {unknown}
 z - a potion of mutation {unknown}
Comestibles
 f - 3 bread rations
 h - 8 fruits
 j - 2 meat rations
 u - 4 royal jellies


   Skills:
 + Level 8.3 Fighting
 * Level 11.1 Axes
 + Level 8.3 Armour
 - Level 3.6 Shields
 + Level 2.4 Invocations


You had 8 spell levels left.
You didn't know any spells.

Dungeon Overview and Level Annotations

Branches:
Dungeon (8/15)             Temple (1/1) D:6
   Lair: D:8-11

Altars:
Ashenzari
Cheibriados
Dithmenos
Elyvilon
Fedhas
Gozag
Hepliaklqana
Kikubaaqudgha
Makhleb
Nemelex Xobeh
Okawaru
Qazlal
Ru
Sif Muna
Trog
Uskayaw
Vehumet
Xom
Yredelemnul
Zin
The Shining One

Annotations:
D:5 Prince Ribbit


Innate Abilities, Weirdness & Mutations

You reflexively headbutt those who attack you in melee.
You have a pair of horns on your head.


Message History

You see here an arrow.
Press: ? - help, v - describe, . - travel
Here: a two-headed ogre, wielding a giant club and a giant spiked club The floor.
You feel very mighty all of a sudden. The two-headed ogre closely misses you.
You furiously retaliate!
You headbutt the two-headed ogre!
The two-headed ogre hits you with a giant spiked club.
Your shield prevents you from hitting the two-headed ogre.
Your headbutt misses the two-headed ogre.
The two-headed ogre is moderately wounded.
You are feeling hungry.
The two-headed ogre completely misses you.
The two-headed ogre hits you with a giant spiked club!
* * * LOW HITPOINT WARNING * * *
You hit the two-headed ogre but do no damage.
The two-headed ogre is moderately wounded.
You block the two-headed ogre's attack.
The two-headed ogre hits you with a giant spiked club!
You die...

#.....# # ###########.....####
##..................#
#<.....#####.........
###########...[............##..
#................####.##.######
#.##########.....# #.##.......
#.# ####..# #)######### #.#
##@#)## #.# #.# ###O###)###.#
###.#########.c## ##.##.#
#........>.(..#.###.###.#
...##...##.......#.## #.#
.#.........######..# #.#
...##>..#### #..# #.# #.####.##
#..####.# #.####.#######
##....##.#


You could see a two-headed ogre and a centaur.

Vanquished Creatures
  A troll (D:6)
  A hippogriff (D:7)
  Sigmund (D:2)
  A water moccasin (D:5)
  3 ice beasts (D:6)
  A sky beast (D:6)
  4 ogres
  A centaur (D:4)
  2 bullfrogs
  Blork the orc (D:5)
  2 scorpions
  4 wights (D:7)
  3 crimson imps (D:7)
  A howler monkey (D:6)
  A bullfrog zombie (D:6)
  A jelly (D:7)
  2 orc wizards (D:7)
  A bullfrog skeleton (D:5)
  4 orc priests
  Jessica (D:2)
  5 iguanas
  4 worker ants
  A hound skeleton (D:5)
  3 gnolls (D:7)
  6 adders
  2 shadow imps
  An adder skeleton (D:7)
  4 worms
  6 dart slugs
  3 leopard geckos
  21 orcs
  3 ball pythons
  2 giant cockroaches
  5 goblins
  6 hobgoblins
  4 jackals
  2 quokkas
  A ball python skeleton (D:4)
  8 bats
  6 frilled lizards
  8 kobolds
  9 rats
146 creatures vanquished.

Notes
Turn   | Place    | Note
-------+----------+-------------------------------------------
     0 | D:1      | wojtek the Minotaur Fighter began the quest for the Orb.
     0 | D:1      | Reached XP level 1. HP: 19/19 MP: 0/0
   137 | D:1      | Reached skill level 3 in Axes
   157 | D:1      | Reached XP level 2. HP: 22/27 MP: 1/1
  1008 | D:2      | Reached XP level 3. HP: 33/33 MP: 2/2
  1009 | D:2      | Noticed Jessica
  1012 | D:2      | Killed Jessica
  1012 | D:2      | Reached skill level 4 in Axes
  1038 | D:2      | Found a shattered altar of Ashenzari.
  1225 | D:2      | Noticed Sigmund
  1234 | D:2      | Killed Sigmund
  1234 | D:2      | Reached skill level 5 in Axes
  1234 | D:2      | Reached XP level 4. HP: 36/41 MP: 3/3
  1234 | D:2      | Reached XP level 5. HP: 41/47 MP: 4/4
  1748 | D:3      | Reached skill level 5 in Fighting
  1806 | D:3      | Noticed an air elemental
  1844 | D:3      | Noticed a fire elemental
  1845 | D:3      | Found a stormy altar of Qazlal.
  1847 | D:3      | Noticed a water elemental
  1867 | D:3      | Reached skill level 6 in Axes
  1867 | D:3      | Reached XP level 6. HP: 43/56 MP: 5/5
  2162 | D:3      | Found a bloodstained altar of Trog.
  2683 | D:4      | Found an opulent altar of Gozag.
  2804 | D:4      | Reached skill level 5 in Armour
  3344 | D:4      | Reached skill level 7 in Axes
  3638 | D:4      | Reached XP level 7. HP: 61/61 MP: 6/6
  3845 | D:5      | Entered Level 5 of the Dungeon
  3988 | D:5      | Noticed Blork the orc
  3996 | D:5      | Killed Blork the orc
  4254 | D:5      | You fall through a shaft!
  4546 | D:5      | Reached skill level 8 in Axes
  4891 | D:5      | Noticed Prince Ribbit
  5561 | D:6      | Reached XP level 8. HP: 62/71 MP: 7/7
  5702 | D:6      | Reached skill level 9 in Axes
  6084 | D:6      | Noticed a troll
  6101 | D:6      | Killed a troll
  6101 | D:6      | Reached skill level 10 in Axes
  6396 | D:6      | Found a staircase to the Ecumenical Temple.
  6400 | Temple   | Entered the Ecumenical Temple
  6407 | Temple   | Became a worshipper of Makhleb the Destroyer
  7004 | D:7      | Reached skill level 1 in Invocations
  7004 | D:7      | Reached XP level 9. HP: 80/80 MP: 8/8
  7480 | D:7      | Reached * piety under Makhleb
  7549 | D:7      | Reached skill level 11 in Axes
  7836 | D:8      | Noticed a two-headed ogre
  7858 | D:7      | Slain by a two-headed ogre

Skill      XL: |  1  2  3  4  5  6  7  8  9 |
---------------+----------------------------+-----
Axes           | 3 5 6 7 8 10 11 | 11.1
Fighting       | 4 5 6 7 8 |  8.3
Armour         | 4 5 6 7 8 |  8.3
Invocations    | 1 2 |  2.4
Shields        | |  3.6

Action                   |  1- 3 |  4- 6 |  7- 9 || total
-------------------------+-------+-------+-------++-------
Melee: War axe           |    62 |   112 |   251 ||   425
       Headbutt          |     7 |    20 |    47 ||    74
  Use: Scroll            |       |       |     2 ||     2
       Potion            |       |       |     1 ||     1
  Eat: Chunk             |     1 |     7 |    12 ||    20
       Fruit             |       |       |     2 ||     2
Armor: Scale mail        |    15 |    48 |    78 ||   141
Dodge: Dodged            |    19 |    36 |    62 ||   117
Block: Shield            |    41 |    52 |   113 ||   206
